 Dungeon Crawl Stone Soup version 0.19.1 (webtiles) character file.

67 Gargoyl the Skirmisher (level 4, 37/37 HPs)
             Began as a Demonspawn Abyssal Knight on Nov 25, 2016.
             Was a Follower of Lugonu.
             Quit the game on level 2 of the Dungeon.
             The game lasted 00:02:36 (1771 turns).

Gargoyl the Skirmisher (Demonspawn Abyssal Knight)  Turns: 1771, Time: 00:02:36

Health: 37/37      AC:  3    Str: 13    XL:     4   Next: 0%
Magic:  5/5        EV: 11    Int: 13    God:    Lugonu [*.....]
Gold:   137        SH:  0    Dex: 13    Spells: 0 memorised, 3 levels left

rFire  . . .     SeeInvis .     a - +2 hand axe
rCold  . . .     Gourm    .     b - +0 leather armour
rNeg   . . .     Faith    .     (no shield)
rPois  .         Spirit   .     (helmet restricted)
rElec  .         Reflect  .     (no cloak)
rCorr  .         Harm     .     (no gloves)
MR     .....                    (no boots)
Stlth  +.........               (no amulet)
                                (no ring)
                                (no ring)

@: no status effects
A: claws 2, horns 1
a: Depart the Abyss, Renounce Religion


You were on level 2 of the Dungeon.
You worshipped Lugonu.
Lugonu was aware of your devotion.
You were not hungry.

You visited 1 branch of the dungeon, and saw 2 of its levels.
You visited the Abyss 1 time.

You collected 137 gold pieces.

Inventory:

Hand Weapons
 a - a +2 hand axe (weapon)
 e - a +1 hand crossbow of freezing
Missiles
 s - 25 bolts
Armour
 b - a +0 leather armour (worn)
Wands
 d - a wand of disintegration (14/24)
Scrolls
 g - a scroll of magic mapping {unknown}
 j - a scroll of enchant weapon
 k - a scroll of fog {unknown}
 n - a scroll of immolation {unknown}
 o - a scroll of teleportation {unknown}
 p - a scroll of blinking {unknown}
 q - a scroll of recharging {unknown}
 r - a scroll of enchant armour {unknown}
Potions
 i - a potion of resistance {unknown}
 m - a potion of cancellation {unknown}
Comestibles
 c - 3 bread rations
 f - a beef jerky
 h - 2 meat rations
 l - a slice of pizza


   Skills:
 + Level 3.7 Fighting
 + Level 2.4 Axes
 + Level 2.6 Armour
 + Level 1.1 Dodging
 + Level 2.6 Invocations


You had 3 spell levels left.
You didn't know any spells.

Dungeon Overview and Level Annotations

Branches:
Dungeon (2/15)

Altars:
Nemelex Xobeh


Innate Abilities, Weirdness & Mutations

You have very sharp fingernails.
You have a pair of small horns on your head.


Message History

You hit the hobgoblin. Your headbutt misses the hobgoblin.
The hobgoblin is heavily wounded.
The hobgoblin hits you.
You hit the hobgoblin.
You kill the hobgoblin!
Lugonu accepts your kill.
You have reached level 4!
You feel agile.
Your demonic ancestry asserts itself...
Your fingernails sharpen.
There is a stone staircase leading down here.
Eating a chunk of flesh.
You start eating the chunk of flesh.
You are feeling hungry.
This raw flesh tastes terrible.
There is an open door here.
Things that are here:
12 stones; a great mace
Things that are here:
12 stones; a great mace
Found a stone staircase leading down.
Are you sure you want to abandon this character and quit the game? (Confirm with "yes".)

#.######.......#.# ## ..#
#.......#.# ##. ###
#..⌠....#.# ##..
#.......#.#############...
#.......'.................
###.....#.#############...
###...#.###...# ##..
#...+.......# ##.
#...#@###.### ## #####
##.)#.# #.############
....# ##.#.#
#.........(... ....# #...#
############## ....# ##...
....# #..# ....# ##.#
....# #># ....#


There were no monsters in sight!

Vanquished Creatures
  Ijyb (D:2)
  An adder (D:2)
  A dart slug (D:1)
  A leopard gecko (D:2)
  A giant cockroach (D:2)
  5 goblins
  4 hobgoblins
  5 kobolds
  6 bats
  2 frilled lizards (D:1)
  3 rats
30 creatures vanquished.

Notes
Turn   | Place    | Note
-------+----------+-------------------------------------------
     0 | Abyss:1  | Gargoyl the Demonspawn Abyssal Knight began the quest for the Orb.
     0 | Abyss:1  | Reached XP level 1. HP: 18/18 MP: 2/2
    96 | Abyss:3  | Noticed a small abomination
   107 | Abyss:3  | Noticed a neqoxec
   111 | Abyss:3  | Noticed a flying skull
   111 | Abyss:3  | Noticed a flying skull
   111 | Abyss:3  | Noticed a flying skull
   111 | Abyss:3  | Noticed a flying skull
   112 | D:1      | Escaped the Abyss
   395 | D:1      | Reached * piety under Lugonu
   395 | D:1      | Gained mutation: You have sharp fingernails. [demonic ancestry]
   395 | D:1      | Reached XP level 2. HP: 24/24 MP: 3/3
   932 | D:2      | Reached skill level 1 in Dodging
   932 | D:2      | Gained mutation: You have a pair of small horns on your head. [demonic ancestry]
   932 | D:2      | Reached XP level 3. HP: 20/29 MP: 4/4
  1260 | D:2      | Found a sparkling altar of Nemelex Xobeh.
  1335 | D:2      | Noticed Ijyb
  1340 | D:2      | Killed Ijyb
  1632 | D:2      | Gained mutation: You have very sharp fingernails. [demonic ancestry]
  1632 | D:2      | Reached XP level 4. HP: 31/37 MP: 5/5
  1771 | D:2      | Quit the game

Skill      XL: |  1  2 |
---------------+-------+-----
Axes           | 2 |  2.4
Armour         | 2 |  2.6
Dodging        | 1 |  1.1
Fighting       | |  3.7
Invocations    | |  2.6

Action                   |  1- 3 |  4- 6 || total
-------------------------+-------+-------++-------
Melee: Hand axe          |    67 |       ||    67
 Fire: Hand crossbow     |    10 |       ||    10
Invok: Depart the Abyss  |     1 |       ||     1
  Use: Scroll            |     2 |       ||     2
  Eat: Chunk             |     2 |     1 ||     3
Armor: Leather armour    |    20 |       ||    20
Dodge: Dodged            |    42 |       ||    42
